 Dungeon Crawl Stone Soup version 0.23.0-2-g0fe3ce5 (webtiles) character file.

Game seed: 8380624417798234644

661363 vishdafish the Acrobat (level 27, -4/292 HPs)
             Began as a Gnoll Skald on Feb 19, 2019.
             Was the Champion of the Shining One.
             Splashed by an acid blob's acid (5 damage)
             ... created by the Royal Jelly
             ... on level 5 of the Pits of Slime.
             The game lasted 03:12:43 (56559 turns).

vishdafish the Acrobat (Gnoll Skald)               Turns: 56559, Time: 03:12:44

Health: -4/292     AC: 17    Str: 22    XL:     27
Magic:  47/47      EV: 21    Int: 25    God:    the Shining One [******]
Gold:   4265       SH: 23    Dex: 12    Spells: 36/66 levels left

rFire    . . .     SeeInvis .   a - +9 eudemon blade (holy)
rCold    + . .     Gourm    .   T - +2 large shield {AC+3}
rNeg     + + +     Faith    .   R - +2 scale mail {rC+}
rPois    .         Spirit   .   A - +0 helmet
rElec    .         Reflect  .   H - +1 cloak of Impressiveness {+Inv Regen+ Slay+2}
rCorr    +         Harm     .   u - +2 pair of gloves
MR       ++++.     Rnd*Rage +   W - +0 pair of boots
Stlth    ..........             e - necklace of Bloodlust {*Rage +Rage MR++ Int-3 Slay+6 *Curse} (curse)
HPRegen  0.98/turn              M - ring of resist corrosion
MPRegen  0.30/turn              I - +6 ring of slaying

@: mighty, berserking, corroded, glowing, studying 4 skills, very quick
A: distributed training, fangs 1, clever 1, clumsy 1, frail 1, mutation
resistance 1, strong nose
}: 3/15 runes: serpentine, barnacled, silver
a: Divine Shield, Cleansing Flame, Summon Divine Warrior, Brand Weapon With Holy
Wrath, Renounce Religion, Evoke Berserk Rage, Evoke Invisibility


You were on level 5 of the Pits of Slime.
You worshipped the Shining One.
The Shining One was exalted by your worship.
You were very hungry.

You visited 9 branches of the dungeon, and saw 49 of its levels.
You also visited: Gauntlet and Volcano.

You collected 5845 gold pieces.
You spent 1580 gold pieces at shops.

Inventory:

Hand Weapons
 a - a +9 eudemon blade of holy wrath (weapon)
 n - a +5 demon trident of electrocution
Missiles
 N - 20 javelins of penetration
 O - 5 throwing nets (quivered)
Armour
 u - a +2 pair of gloves (worn)
 A - a +0 helmet (worn)
 H - the +1 cloak of Impressiveness (worn) {+Inv Regen+ Slay+2}
   (You found it in a Gauntlet)

   It affects your accuracy and damage with ranged weapons and melee attacks
   (+2).
   It lets you turn invisible.
   It increases your rate of regeneration.
 R - a +2 scale mail of cold resistance (worn)
 T - a +2 large shield of protection (worn)
 W - a +0 pair of boots (worn)
Magical Staves
 f - an uncursed staff of wizardry
Jewellery
 e - the cursed necklace of Bloodlust (around neck) {*Rage +Rage MR++ Int-3 Slay+6 *Curse}
   (You took it off a deep elf annihilator on level 3 of the Elven Halls)

   [amulet of rage]

   It affects your intelligence (-3).
   It affects your accuracy and damage with ranged weapons and melee attacks
   (+6).
   It affects your resistance to hostile enchantments.
   It lets you go berserk.
   It may make you go berserk in combat.
   It curses itself when equipped.
   It has a curse placed upon it.
 F - an uncursed ring of wizardry
 I - a +6 ring of slaying (right hand)
 M - a ring of resist corrosion (left hand)
Wands
 m - a wand of digging (2)
 G - a wand of iceblast (15)
 S - a wand of scattershot (4)
Scrolls
 b - 5 scrolls of holy word
 c - 28 scrolls of teleportation
 h - 7 scrolls of fog
 k - 3 scrolls of blinking
 o - 8 scrolls of immolation
 p - 13 scrolls of enchant armour
 r - 22 scrolls of remove curse
 x - a scroll of summoning
 J - 6 scrolls of identify
 Y - 8 scrolls of magic mapping
Potions
 g - 5 potions of cancellation
 i - 5 potions of heal wounds
 j - 11 potions of flight
 l - 5 potions of agility
 t - 5 potions of berserk rage
 w - 7 potions of might
 z - 7 potions of lignification
 B - 5 potions of magic
 E - 4 potions of haste
 P - 20 potions of curing
 U - 9 potions of brilliance
 V - 5 potions of resistance
 Z - a potion of mutation
Books
 C - a manual of Slings
 K - a manual of Dodging
 L - a manual of Spellcasting
 X - a manual of Air Magic
Miscellaneous
 q - 2 boxes of beasts
 s - 2 phantom mirrors
 v - a lamp of fire
 y - a lamp of fire
 D - a fan of gales
 Q - 4 sacks of spiders
Comestibles
 d - 69 rations


   Skills:
 + Level 17.8 Fighting
 + Level 17.4 Short Blades
 + Level 17.8 Long Blades
 + Level 17.4 Axes
 + Level 17.4 Maces & Flails
 + Level 17.4 Polearms
 + Level 17.4 Staves
 + Level 17.6 Slings
 + Level 17.4 Bows
 + Level 17.4 Crossbows
 + Level 17.4 Throwing
 + Level 17.5 Armour
 + Level 23.1 Dodging
 + Level 17.4 Stealth
 + Level 17.4 Shields
 + Level 17.4 Unarmed Combat
 + Level 20.0 Spellcasting
 + Level 15.0 Conjurations
 + Level 15.0 Hexes
 + Level 15.7 Charms
 + Level 15.0 Summonings
 + Level 15.0 Necromancy
 + Level 15.0 Translocations
 + Level 15.0 Transmutations
 + Level 15.0 Fire Magic
 + Level 15.0 Ice Magic
 + Level 19.4 Air Magic
 + Level 15.0 Earth Magic
 + Level 15.0 Poison Magic
 + Level 18.7 Invocations
 + Level 17.4 Evocations


You had 36 spell levels left.
You knew the following spells:

 Your Spells              Type           Power        Failure   Level  Hunger
a - Infusion              Chrm           ####         0%          1    None
b - Song of Slaying       Chrm           #######.     1%          2    None
c - Shroud of Golubria    Chrm/Tloc      #######...   1%          2    None
d - Regeneration          Chrm/Necr      #######...   1%          3    None
e - Spectral Weapon       Hex/Chrm       #######.     1%          3    None
f - Passwall              Tmut/Erth      #######.     1%          2    None
g - Cause Fear            Hex            #######...   1%          4    None
h - Ensorcelled Hibernat  Hex/Ice        ######       1%          2    None
i - Silence               Hex/Air        #######...   1%          5    None
j - Tukima's Dance        Hex            #######.     1%          3    None
k - Stone Arrow           Conj/Erth      ######       1%          3    None

Your spell library contained the following spells:

 Spells                   Type           Power        Failure   Level  Hunger
 Shock                    Conj/Air       ####         0%          1    None
 Poisonous Vapours        Pois/Air       ######       0%          2    None
 Swiftness                Chrm/Air       #######.     0%          2    None
 Animate Skeleton         Necr           N/A          1%          1    None
 Beastly Appendage        Tmut           ######       1%          1    None
 Corona                   Hex            #######      1%          1    None
 Freeze                   Ice            ####         1%          1    None
 Pain                     Necr           ####         1%          1    None
 Sandblast                Erth           ######       1%          1    None
 Slow                     Hex            #######.     1%          2    None
 Sticks to Snakes         Tmut           #######.     1%          2    None
 Sublimation of Blood     Necr           #######...   1%          2    None
 Throw Frost              Conj/Ice       ######       1%          2    None
 Confuse                  Hex            #######.     1%          3    None
 Conjure Flame            Conj/Fire      #######.     1%          3    None
 Dazzling Spray           Conj/Hex       ######       1%          3    None
 Gell's Gravitas          Tloc           #######...   1%          3    None
 Ignite Poison            Fire/Tmut/Pois #######.     1%          3    None
 Inner Flame              Hex/Fire       #######.     1%          3    None
 Mephitic Cloud           Conj/Pois/Air  #######.     1%          3    None
 Ozocubu's Armour         Chrm/Ice       #######.     1%          3    None
 Portal Projectile        Hex/Tloc       ######       1%          3    None
 Recall                   Summ/Tloc      N/A          1%          3    None
 Spider Form              Tmut/Pois      #######...   1%          3    None
 Static Discharge         Conj/Air       #######.     1%          3    None
 Summon Guardian Golem    Hex/Summ       #######.     1%          3    None
 Vampiric Draining        Necr           #######...   1%          3    None
 Airstrike                Air            #######...   1%          4    None
 Animate Dead             Necr           N/A          1%          4    None
 Force Lance              Conj/Tloc      #######.     1%          4    None
 Ice Form                 Ice/Tmut       #######.     1%          4    None
 Leda's Liquefaction      Hex/Erth       #######...   1%          4    None
 Passage of Golubria      Tloc           N/A          1%          4    None
 Petrify                  Tmut/Erth      #######.     1%          4    None
 Summon Ice Beast         Ice/Summ       #######.     1%          4    None
 Summon Lightning Spire   Summ/Air       #######.     1%          4    None
 Throw Icicle             Conj/Ice       #######.     1%          4    None
 Alistair's Intoxication  Tmut/Pois      #######.     1%          5    None
 Aura of Abjuration       Summ           #######...   1%          5    None
 Blade Hands              Tmut           #######...   1%          5    None
 Bolt of Magma            Conj/Fire/Erth #######...   1%          5    None
 Borgnjor's Vile Clutch   Necr/Erth      #######...   1%          5    None
 Irradiate                Conj/Tmut      #######...   1%          5    None
 Lee's Rapid Deconstruct  Erth           #######...   1%          5    None
 Lightning Bolt           Conj/Air       #######...   1%          5    None
 Metabolic Englaciation   Hex/Ice        #######...   1%          5    None
 Summon Demon             Summ           #######...   1%          5    None
 Summon Forest            Summ/Tloc      #######...   1%          5    None
 Summon Mana Viper        Hex/Summ       #######.     1%          5    None
 Conjure Ball Lightning   Conj/Air       #######...   1%          6    ##.....
 Deflect Missiles         Chrm/Air       #######...   1%          6    ##.....
 Freezing Cloud           Conj/Ice/Air   #######...   1%          6    ##.....
 Darkness                 Hex            #######...   2%          6    ##.....
 Death Channel            Necr           #######...   2%          6    ##.....
 Dispersal                Tloc           #######...   2%          6    ##.....
 Invisibility             Hex            #######.     2%          6    ##.....
 Iron Shot                Conj/Erth      #######...   2%          6    ##.....
 Poison Arrow             Conj/Pois      #######...   2%          6    ##.....
 Shadow Creatures         Summ           N/A          2%          6    ##.....
 Simulacrum               Ice/Necr       #######...   2%          6    ##.....
 Statue Form              Tmut/Erth      #######..    2%          6    ##.....
 Ring of Flames           Chrm/Fire      #######...   14%         7    ####...
 Summon Hydra             Summ           #######...   16%         7    ####...
 Chain Lightning          Conj/Air       #######...   45%         8    ######.
 Controlled Blink         Tloc           N/A          77%         8    ######.
 Disjunction              Tloc           #######...   77%         8    ######.
 Lehudib's Crystal Spear  Conj/Erth      #######...   77%         8    ######.
 Tornado                  Air            #######...   97%         9    #######
 Dragon's Call            Summ           #######...   100%        9    #######
 Fire Storm               Conj/Fire      #######...   100%        9    #######
 Glaciate                 Conj/Ice       #######...   100%        9    #######
 Shatter                  Erth           #######...   100%        9    #######


Dungeon Overview and Level Annotations

Branches:
Dungeon (15/15)            Temple (0/1) D:6            Lair (6/6) D:8
 Shoals (4/4) Lair:4        Snake (4/4) Lair:3        Slime (5/5) Lair:5
    Orc (2/2) D:11            Elf (3/3) Orc:2        Vaults (5/5) D:13
  Crypt (0/3) Vaults:2     Depths (5/5) D:15            Zot (0/5) Depths:5

Altars:
Ashenzari
Cheibriados
Elyvilon
Fedhas
Hepliaklqana
Nemelex Xobeh
Qazlal
Trog
Uskayaw
Wu Jian
Yredelemnul
Zin
The Shining One
Beogh
Jiyva

Shops:
D:10 *?   Orc:2 :**(   Elf:2 [   Snake:2 %   Depths:1 %   Depths:4 *!

Portals:
Hell: Depths:1 Depths:2 Depths:3 Depths:4 Depths:5
Abyss: Depths:1 Depths:3 Depths:4 Depths:5
Pandemonium: Depths:3
Ziggurat: Depths:2

Annotations:
Slime:5 Royal Jelly


Innate Abilities, Weirdness & Mutations

Your experience applies equally to all skills.
You have very sharp teeth.
Your uncanny sense of smell can sniff out nearby items.
Your mind is acute. (Int +2)
You are clumsy. (Dex -2)
You are frail. (-10% HP)
You are somewhat resistant to further mutation.


Message History

* * * LOW HITPOINT WARNING * * *
The azure jelly misses you. The azure jelly completely misses you.
The acid blob hits you!
* * * LOW HITPOINT WARNING * * *
You are splashed with acid.
You resist.
* * * LOW HITPOINT WARNING * * *
You are too berserk!
You are too berserk!
Wield which item (- for none, * to show all)? (? for menu, Esc to quit)
Okay, then.
You are too berserk!
You slice the azure jelly like a ripe choko!!!
The necklace of Bloodlust glows a violent red.
You kill the azure jelly!
That felt strangely unrewarding.
The acid blob spits acid at you. The splash of acid hits you. You resist.
* * * LOW HITPOINT WARNING * * *
You are splashed with acid.
You resist.
You die...

##....................### ∆
##.....................# ∆∆
##....................# ∆∆∆
#...................##
∆∆∆∆###..................##
∆∆∆∆ #....................##
∆∆ ##.......JJJ..........#
###.......JJJJJ........##
#.........JJJ@J........#
.#...##.......JJ.J.......#.#
#######.......JJJ.........##
#∆∆ #...................##
∆∆∆∆ ##................##.#
∆∆∆∆ #................## ##
∆∆∆###.................#
∆∆##..................## ∆
#..................#


You could see the Royal Jelly, 5 acid blobs, 7 azure jellies and 5 death oozes.

Vanquished Creatures
  Mennas (Vaults:3)
  2 ancient liches (Vaults:5)
  Frederick (Vaults:4)
  Vashnia (Snake:2)
  Xtahua (Vaults:3)
  3 caustic shrikes (Depths:5)
  Margery (Vaults:3)
  4 golden dragons
  Jory (Depths:5)
  A bone dragon (Depths:5)
  6 tentacled monstrosities
  Asterion (Depths:1)
  6 titans
  A quicksilver dragon (Vaults:5)
  A lich (Vaults:2)
  2 deep elf master archers (Elf:3)
  11 acid blobs
  3 deep elf blademasters
  A kraken (Shoals:4)
  3 large abominations
  3 sphinxes
  6 shadow dragons
  A shadow dragon (shapeshifter) (Vaults:3)
  Kirke (Shoals:1)
  5 tengu reavers
  Roxanne (Shoals:1)
  2 draconian monks (Depths:5)
  7 fire giants
  8 nagarajas
  7 azure jellies
  3 storm dragons
  6 deep elf sorcerers
  10 frost giants
  2 orc warlords
  6 deep elf elementalists (Elf:3)
  2 iron dragons
  A cacodemon (Depths:3)
  13 vault wardens
  2 spriggan defenders
  11 ironheart preservers
  A war gargoyle (Vaults:5)
  21 very ugly things
  22 stone giants
  4 entropy weavers
  3 vampire knights
  Nessos (D:13)
  A black draconian (Depths:5)
  10 deep elf annihilators
  2 green draconians (Depths:5)
  8 deep elf demonologists
  A purple draconian (Depths:5)
  A red draconian (Depths:5)
  A minotaur (Shoals:1)
  A white draconian (Depths:5)
  11 spark wasps
  A yellow draconian (Depths:5)
  18 ettins
  10 deep elf death magi
  7 merfolk javelineers
  A death ooze (Slime:4)
  17 yaktaur captains
  Josephine (Shoals:1)
  10 deep elf high priests
  10 fire dragons
  8 merfolk impalers
  21 ogre magi
  15 ice dragons
  12 great orbs of eyes
  Fannar (Lair:2)
  3 spriggan air magi
  25 vault guards
  3 rakshasas
  7 hydras
  An anaconda (shapeshifter) (Vaults:5)
  59 two-headed ogres
  A catoblepas (Lair:6)
  11 anacondas
  3 alligator snapping turtles
  11 naga warriors
  8 centaur warriors
  7 merfolk avatars
  31 dancing weapons
  3 alligators
  4 merfolk aquamancers
  3 death knights
  9 deep troll shamans
  A queen ant (Lair:5)
  5 orc high priests (Orc:2)
  5 death yaks (Lair:1)
  9 deep troll earth magi
  4 satyrs
  6 tengu warriors
  A vampire mage (Depths:5)
  9 spriggan berserkers
  Urug (Orc:2)
  5 shock serpents
  16 naga sharpshooters
  27 hell knights
  Nergalle (Lair:3)
  23 deep elf knights
  A sun demon (Volcano)
  2 spriggans
  A salamander mystic (Snake:4)
  5 skeletal warriors
  A sixfirhy (D:12)
  3 small abominations
  A shadow wraith (Vaults:5)
  11 sea snakes
  3 iron trolls (Depths:1)
  A wizard (Vaults:3)
  4 glowing orange brains
  2 obsidian statues
  4 flayed ghosts
  22 deep trolls
  12 harpies
  16 ironbrand convokers
  23 deep elf archers
  5 naga ritualists
  The ghost of Dani the Thaumaturge, a novice DEMo of Vehumet (D:9)
  8 phantasmal warriors
  Pikel (D:7)
  A wolf spider zombie (D:13)
  4 necromancers
  23 orc knights
  78 deep elf magi
  8 orc sorcerers
  7 shining eyes
  24 ugly things
  7 mana vipers
  6 cyclopes
  13 fauns
  A faun (shapeshifter) (Vaults:5)
  An oklob plant (D:11)
  A cyclops (shapeshifter) (Vaults:5)
  10 merfolk sirens
  10 manticores
  3 wolf spiders
  8 salamanders
  35 black mambas
  9 elephants
  A rust devil (Depths:3)
  36 naga magi
  A guardian serpent (shapeshifter) (Vaults:4)
  7 water nymphs
  16 vault sentinels
  2 guardian serpents
  An eye of devastation (Slime:4)
  3 black mambas (shapeshifter)
  Joseph (D:8)
  25 spiny frogs
  2 gargoyles
  3 efreet
  2 kobold demonologists
  5 rime drakes
  8 komodo dragons
  A redback zombie (D:15)
  63 yaktaurs
  A yaktaur (shapeshifter) (Depths:1)
  8 freezing wraiths
  7 trolls
  A queen bee (Lair:4)
  2 red devils
  2 tengu conjurers (Gauntlet)
  25 merfolk
  9 meliai
  5 polar bears
  2 wind drakes (Shoals:4)
  7 hornets
  A polar bear (shapeshifter) (Vaults:3)
  The ghost of p0werm0de the Charlatan, an amateur GnAr of Cheibriados (D:6)
  3 tyrant leeches (Lair:6)
  4 raiju (D:12)
  5 dream sheep
  32 blink frogs
  A hippogriff (shapeshifter) (Depths:2)
  86 slime creatures
  A dream sheep (shapeshifter) (Depths:4)
  18 snapping turtles
  18 hippogriffs
  2 human simulacra (Vaults:3)
  A redback (Vaults:3)
  47 yaks
  A centaur simulacrum (D:15)
  34 water elementals
  An air elemental (Elf:1)
  2 wyverns (Lair:4)
  A ynoxinul (Depths:3)
  8 wraiths
  A fire bat (shapeshifter) (Vaults:2)
  A vampire (D:11)
  16 humans (D:13)
  A hog (shapeshifter) (Vaults:1)
  A yak (shapeshifter) (Vaults:4)
  3 fire bats (Volcano)
  A hog (Shoals:1)
  2 basilisks
  A chaos spawn (Depths:3)
  10 vampire mosquitoes
  Grum (D:10)
  2 basilisks (shapeshifter)
  3 golden eyes
  4 fire elementals
  2 humans (shapeshifter)
  Menkaure (D:5)
  8 wargs
  3 acid dragons
  39 nagas
  22 water moccasins
  A soldier ant (shapeshifter) (Vaults:4)
  22 soldier ants
  A floating eye (shapeshifter) (Vaults:4)
  2 floating eyes (Elf:1)
  9 porcupines
  A swamp drake (D:11)
  55 orc warriors
  2 black bears
  3 sky beasts
  5 ice beasts
  2 eyes of draining
  59 ogres
  2 phantoms (D:4)
  14 wolves
  A tengu (shapeshifter) (Vaults:3)
  9 boggarts
  11 centaurs
  16 crocodiles
  33 bullfrogs
  2 big kobolds
  2 gnoll sergeants (D:6)
  An earth elemental (Elf:1)
  4 scorpions
  40 killer bees
  A killer bee (shapeshifter) (Gauntlet)
  11 wights
  6 electric eels
  4 howler monkeys
  9 crimson imps
  2 bullfrog zombies (D:10)
  6 centaur zombies
  5 lava snakes (Volcano)
  2 quasits
  4 jellies
  10 hounds
  Crazy Yiuf (D:2)
  2 bullfrog skeletons
  A gnoll shaman (D:6)
  7 centaur skeletons
  43 orc priests
  21 orc wizards
  An iron imp (Depths:3)
  Jessica (D:2)
  Natasha (D:4)
  3 iguanas
  23 worker ants
  A killer bee zombie (D:8)
  2 hound skeletons
  A howler monkey skeleton (D:5)
  4 gnolls (D:6)
  15 adders
  4 shadow imps
  7 white imps
  5 ufetubi
  5 oozes (D:10)
  2 adder skeletons
  2 worms (D:3)
  4 dart slugs
  4 leopard geckos
  142 orcs
  4 giant cockroaches
  4 goblins
  3 hobgoblins
  7 jackals
  9 kobolds
  7 quokkas
  A ball python zombie (D:5)
  8 bats
  6 frilled lizards
  A jackal skeleton (D:4)
  A leopard gecko simulacrum (D:8)
  A leopard gecko skeleton (D:4)
  A quokka simulacrum (D:8)
  A quokka skeleton (D:6)
  9 rats
  3 crawling corpses (Elf:3)
  3 plants
  5 tentacles (Shoals:4)
2414 creatures vanquished.

Vanquished Creatures (collateral kills)
  2 ironheart preservers
  A very ugly thing (Vaults:2)
  A minotaur (Gauntlet)
  A yaktaur captain (Vaults:5)
  An ogre mage (Vaults:3)
  A death yak (Lair:1)
  A hell knight (Depths:5)
  A deep troll (Vaults:3)
  A naga ritualist (Snake:1)
  A necromancer (Vaults:3)
  A komodo dragon (Lair:4)
  A warg (Vaults:3)
  A neqoxec (Depths:3)
  A soldier ant (Lair:5)
  An orc warrior (Vaults:3)
  An ogre (Vaults:5)
  A worker ant (Lair:5)
  3 orcs
  A fungus (Lair:5)
22 creatures vanquished.

Vanquished Creatures (others)
  A fire giant (Depths:4)
  A hell knight (Vaults:3)
  A naga ritualist (Snake:4)
  A wizard (D:5)
  A deep elf mage (Elf:1)
  A merfolk siren (Shoals:1)
  A naga mage (Snake:4)
  3 dancing weapons
  A tyrant leech (shapeshifter) (Depths:5)
  5 humans (Shoals:1)
  A killer bee (Lair:4)
  A soldier ant (Lair:5)
  An orc warrior (Orc:2)
  An ogre (Depths:2)
  A crocodile (Lair:1)
  A white imp (D:8)
  A kobold (D:14)
  14 fungi
  51 plants
  3 spectral weapons
  A tentacle (Shoals:4)
  2 withered plants (Gauntlet)
94 creatures vanquished.

Grand Total: 2530 creatures vanquished

Notes
Turn   | Place    | Note
-------+----------+-------------------------------------------
     0 | D:1      | vishdafish the Gnoll Skald began the quest for the Orb.
     0 | D:1      | Reached XP level 1. HP: 20/20 MP: 6/6
   274 | D:1      | Reached XP level 2. HP: 26/26 MP: 7/7
   599 | D:1      | Reached XP level 3. HP: 31/31 MP: 9/9
   804 | D:1      | Learned a level 2 spell: Song of Slaying
   806 | D:1      | Reached skill level 5 in Spellcasting
   810 | D:1      | Learned a level 2 spell: Shroud of Golubria
   984 | D:2      | Reached skill level 1 in Invocations
  1020 | D:2      | Noticed Jessica
  1028 | D:2      | Killed Jessica
  1028 | D:2      | Reached skill level 1 in Short Blades
  1028 | D:2      | Reached skill level 1 in Axes
  1028 | D:2      | Reached skill level 1 in Maces & Flails
  1028 | D:2      | Reached skill level 1 in Polearms
  1028 | D:2      | Reached skill level 1 in Staves
  1028 | D:2      | Reached skill level 1 in Slings
  1028 | D:2      | Reached skill level 1 in Bows
  1028 | D:2      | Reached skill level 1 in Crossbows
  1028 | D:2      | Reached skill level 1 in Throwing
  1028 | D:2      | Reached skill level 1 in Stealth
  1028 | D:2      | Reached skill level 1 in Shields
  1028 | D:2      | Reached skill level 1 in Unarmed Combat
  1028 | D:2      | Reached skill level 1 in Evocations
  1028 | D:2      | Reached XP level 4. HP: 38/38 MP: 9/11
  1440 | D:2      | Reached skill level 1 in Conjurations
  1440 | D:2      | Reached skill level 1 in Hexes
  1440 | D:2      | Reached skill level 1 in Summonings
  1440 | D:2      | Reached skill level 1 in Necromancy
  1440 | D:2      | Reached skill level 1 in Translocations
  1440 | D:2      | Reached skill level 1 in Transmutations
  1440 | D:2      | Reached skill level 1 in Fire Magic
  1440 | D:2      | Reached skill level 1 in Ice Magic
  1440 | D:2      | Reached skill level 1 in Air Magic
  1440 | D:2      | Reached skill level 1 in Earth Magic
  1440 | D:2      | Reached skill level 1 in Poison Magic
  1765 | D:2      | Found a runed translucent door.
  1766 | D:2      | Noticed Crazy Yiuf
  1777 | D:2      | Killed Crazy Yiuf
  1777 | D:2      | Reached XP level 5. HP: 24/43 MP: 12/12
  1968 | D:3      | Found an ornate altar of the Wu Jian Council.
  2009 | D:3      | Found a faded altar of an unknown god.
  2312 | D:3      | HP: 1/43 [orc priest/divine providence (12)]
  2685 | D:3      | Reached XP level 6. HP: 40/50 MP: 13/13
  2817 | D:4      | Noticed a phantom
  2835 | D:4      | Killed a phantom
  2835 | D:4      | Reached skill level 5 in Fighting
  2835 | D:4      | Reached skill level 5 in Long Blades
  2835 | D:4      | Reached skill level 5 in Dodging
  3019 | D:4      | Noticed a phantom
  3039 | D:4      | Noticed Natasha
  3054 | D:4      | Killed Natasha
  3305 | D:3      | Reached XP level 7. HP: 52/56 MP: 15/15
  3462 | D:4      | Learned a level 3 spell: Regeneration
  3466 | D:4      | Learned a level 3 spell: Spectral Weapon
  3949 | D:5      | Entered Level 5 of the Dungeon
  4111 | D:5      | Noticed Menkaure
  4117 | D:5      | Killed Menkaure
  4117 | D:5      | Reached XP level 8. HP: 57/63 MP: 16/16
  4140 | D:5      | Found a glowing golden altar of the Shining One.
  4143 | D:5      | Became a worshipper of the Shining One
  4812 | D:5      | Found a bloodstained altar of Trog.
  4954 | D:5      | Noticed a wizard
  4958 | D:5      | Killed a wizard
  5206 | D:6      | Got a shimmering copper ring
  5208 | D:6      | Identified the ring of Finality {rPois MP+9 Str-4 Int+2}
                  | (You found it on level 6 of the Dungeon)
  5452 | D:6      | Reached * piety under the Shining One
  5530 | D:6      | Found a staircase to the Ecumenical Temple.
  5537 | D:6      | Reached XP level 9. HP: 69/69 MP: 18/18
  5572 | D:6      | Found a white marble altar of Elyvilon.
  5646 | D:6      | Identified the +7 spear of Wrath {elec, Int+3 Dex+5}
  5659 | D:6      | Found a transporter.
  5671 | D:6      | Found a transporter.
  5680 | D:6      | Reached skill level 6 in Dodging
  5692 | D:6      | Noticed p0werm0de's ghost (amateur GnAr)
  6310 | D:6      | Found a snail-covered altar of Cheibriados.
  6461 | D:6      | Killed p0werm0de's ghost
  6937 | D:7      | Reached skill level 5 in Armour
  7141 | D:7      | Noticed Pikel
  7156 | D:7      | Killed Pikel
  7167 | D:7      | Noticed a troll
  7170 | D:7      | Killed a troll
  7170 | D:7      | Reached skill level 5 in Invocations
  7215 | D:7      | Found a shattered altar of Ashenzari.
  7344 | D:8      | Reached skill level 7 in Dodging
  7389 | D:8      | Reached XP level 10. HP: 57/77 MP: 20/20
  7395 | D:8      | Found a basalt altar of Yredelemnul.
  7435 | D:8      | Paralysed by a hornet for 1 turns
  7623 | D:8      | Reached ** piety under the Shining One
  7671 | D:8      | Reached skill level 5 in Short Blades
  7671 | D:8      | Reached skill level 5 in Axes
  7671 | D:8      | Reached skill level 5 in Maces & Flails
  7671 | D:8      | Reached skill level 5 in Polearms
  7671 | D:8      | Reached skill level 5 in Staves
  7671 | D:8      | Reached skill level 5 in Slings
  7671 | D:8      | Reached skill level 5 in Bows
  7671 | D:8      | Reached skill level 5 in Crossbows
  7671 | D:8      | Reached skill level 5 in Throwing
  7671 | D:8      | Reached skill level 5 in Stealth
  7671 | D:8      | Reached skill level 5 in Shields
  7671 | D:8      | Reached skill level 5 in Unarmed Combat
  7671 | D:8      | Reached skill level 5 in Evocations
  7681 | D:8      | Noticed Joseph
  7687 | D:8      | Killed Joseph
  7861 | D:8      | Found a staircase to the Lair.
  8000 | D:8      | Reached skill level 8 in Dodging
  8133 | D:8      | Reached *** piety under the Shining One
  8156 | D:8      | Noticed a kobold demonologist
  8160 | D:8      | Noticed a smoke demon
  8163 | D:8      | Noticed a soul eater
  8190 | D:8      | Killed a kobold demonologist
  8222 | D:8      | Noticed a two-headed ogre
  8228 | D:8      | Killed a two-headed ogre
  8228 | D:8      | Reached XP level 11. HP: 41/84 MP: 22/22
  8387 | D:8      | Got a brightly glowing war axe
  8388 | D:8      | Identified the cursed +1 war axe of Sohijer {chaos, rC- MR+
                  | Int-4 Dex+6} (You found it on level 8 of the Dungeon)
  8406 | D:8      | Got an encrusted falchion
  8407 | D:8      | Identified the +4 falchion of Conauh {pain, *Slow +Rage
                  | SInv} (You found it on level 8 of the Dungeon)
  9519 | D:9      | Noticed Dani's ghost (novice DEMo)
  9520 | D:9      | Found a transporter.
  9520 | D:9      | Identified the +6 dire flail "Reddanio" {crush, +Fly rF+}
  9520 | D:9      | Noticed a two-headed ogre
 10013 | D:9      | Found a transporter.
 10277 | D:10     | Entered Level 10 of the Dungeon
 10302 | D:10     | Found Hekittis's Assorted Antiques.
 10309 | D:10     | Bought a scroll labeled DOLEDU INOM for 27 gold pieces
 10309 | D:10     | Bought a scroll labeled YSEAMA QUPNUBB for 27 gold pieces
 10309 | D:10     | Bought a dark potion for 24 gold pieces
 10309 | D:10     | Bought 2 fizzy cyan potions for 48 gold pieces
 10359 | D:10     | Reached skill level 5 in Conjurations
 10359 | D:10     | Reached skill level 5 in Hexes
 10359 | D:10     | Reached skill level 5 in Summonings
 10359 | D:10     | Reached skill level 5 in Necromancy
 10359 | D:10     | Reached skill level 5 in Translocations
 10359 | D:10     | Reached skill level 5 in Transmutations
 10359 | D:10     | Reached skill level 5 in Fire Magic
 10359 | D:10     | Reached skill level 5 in Ice Magic
 10359 | D:10     | Reached skill level 5 in Air Magic
 10359 | D:10     | Reached skill level 5 in Earth Magic
 10359 | D:10     | Reached skill level 5 in Poison Magic
 10443 | D:10     | Found Ible Wil's Antique Armour Emporium.
 10598 | D:10     | Reached skill level 9 in Dodging
 10686 | D:10     | Found Vugoko Ludgh's Magic Scroll Shoppe.
 10689 | D:10     | Bought a scroll of magic mapping for 45 gold pieces
 10689 | D:10     | Bought a scroll of silence for 97 gold pieces
 10689 | D:10     | Bought a scroll of blinking for 97 gold pieces
 10739 | D:10     | Noticed Grum
 10745 | D:10     | Killed Grum
 11017 | D:10     | Reached **** piety under the Shining One
 11167 | D:11     | Found a bloodstained altar of Trog.
 11285 | D:11     | Found a staircase to the Orcish Mines.
 11601 | D:11     | Found a blossoming altar of Fedhas.
 11620 | D:11     | Noticed an oklob plant
 11635 | D:11     | Killed an oklob plant
 12002 | D:11     | Noticed a green ugly thing
 12013 | D:11     | Killed a green ugly thing
 12015 | D:11     | You fall through a shaft for 2 floors!
 12145 | D:13     | Noticed a two-headed ogre
 12152 | D:13     | Killed a two-headed ogre
 12205 | D:13     | Reached XP level 12. HP: 91/93 MP: 24/24
 12264 | D:13     | Reached skill level 10 in Dodging
 12292 | D:13     | Noticed Nessos
 12296 | D:13     | Killed Nessos
 12320 | D:13     | Noticed a centaur warrior
 12321 | D:13     | Found a gate to the Vaults.
 12325 | D:13     | Killed a centaur warrior
 12713 | D:12     | Reached ***** piety under the Shining One
 13644 | D:12     | Found a stormy altar of Qazlal.
 13647 | D:12     | Noticed a shock serpent
 13659 | D:12     | Killed a shock serpent
 14488 | Lair:1   | Entered Level 1 of the Lair of Beasts
 14497 | Lair:1   | Noticed a death yak
 14497 | Lair:1   | Noticed a death yak
 14498 | Lair:1   | Noticed a death yak
 14498 | Lair:1   | Noticed a death yak
 14500 | Lair:1   | Noticed a death yak
 14500 | Lair:1   | Noticed a death yak
 14505 | Lair:1   | Killed a death yak
 14505 | Lair:1   | Reached skill level 11 in Dodging
 14505 | Lair:1   | Reached XP level 13. HP: 101/101 MP: 26/26
 15502 | Lair:1   | Learned a level 2 spell: Passwall
 16122 | Lair:2   | Noticed Fannar
 16132 | Lair:2   | Killed Fannar
 16790 | Lair:3   | Found a staircase to the Snake Pit.
 16811 | Lair:3   | Gained mutation: You are frail. (-10% HP) [potion of
                  | mutation]
 16811 | Lair:3   | Gained mutation: Your system is resistant to poisons.
                  | (rPois) [potion of mutation]
 16811 | Lair:3   | Lost mutation: You are frail. (-10% HP) [potion of
                  | mutation]
 16811 | Lair:3   | Gained mutation: You have sharp toenails. [potion of
                  | mutation]
 17201 | Lair:3   | Noticed Nergalle
 17212 | Lair:3   | Killed Nergalle
 17216 | Lair:3   | Lost mutation: You have sharp toenails. [potion of
                  | mutation]
 17216 | Lair:3   | Lost mutation: Your system is resistant to poisons. (rPois)
                  | [potion of mutation]
 17216 | Lair:3   | Gained mutation: Your flesh is cold resistant. (rC+)
                  | [potion of mutation]
 17216 | Lair:3   | Gained mutation: Your muscles are strong. (Str +2) [potion
                  | of mutation]
 17262 | Lair:3   | You fall through a shaft!
 17270 | Lair:4   | Reached skill level 12 in Dodging
 17303 | Lair:4   | Reached skill level 10 in Spellcasting
 17359 | Lair:4   | Reached XP level 14. HP: 89/109 MP: 28/28
 17393 | Lair:4   | Lost mutation: Your muscles are strong. (Str +2) [potion of
                  | mutation]
 17393 | Lair:4   | Lost mutation: Your flesh is cold resistant. (rC+) [potion
                  | of mutation]
 17393 | Lair:4   | Gained mutation: Potions are less effective at restoring
                  | your health. [potion of mutation]
 17393 | Lair:4   | Gained mutation: Your muscles are strong. (Str +2) [potion
                  | of mutation]
 18271 | Lair:4   | Found a staircase to the Shoals.
 18275 | Lair:4   | Reached skill level 10 in Fighting
 18275 | Lair:4   | Reached skill level 10 in Long Blades
 18633 | Lair:4   | HP: 3/110 [meliai/divine providence (8)]
 19314 | Lair:5   | Reached ****** piety under the Shining One
 19339 | Lair:5   | Noticed an entropy weaver
 19343 | Lair:5   | Reached skill level 10 in Invocations
 19349 | Lair:5   | Noticed an entropy weaver
 19497 | Lair:5   | Found a gate leading to a gauntlet.
 19501 | Lair:5   | Found a staircase to the Slime Pits.
 19502 | Lair:5   | Found a viscous altar of Jiyva.
 19507 | Gauntlet | Entered a Gauntlet
 19507 | Gauntlet | Found a large runed translucent door.
 19507 | Gauntlet | Found a large runed translucent door.
 19507 | Gauntlet | Found a large runed translucent door.
 19507 | Gauntlet | Found a large runed translucent door.
 19507 | Gauntlet | Found a large runed translucent door.
 19507 | Gauntlet | Found a large runed translucent door.
 19507 | Gauntlet | Found a runed translucent door.
 19507 | Gauntlet | Found a transporter.
 19507 | Gauntlet | Found a transporter.
 19507 | Gauntlet | Found a runed translucent door.
 19507 | Gauntlet | Found a large runed translucent door.
 19507 | Gauntlet | Found a large runed translucent door.
 19507 | Gauntlet | Found a large runed translucent door.
 19507 | Gauntlet | Found a large runed translucent door.
 19507 | Gauntlet | Found a large runed translucent door.
 19507 | Gauntlet | Found a large runed translucent door.
 19605 | Gauntlet | Found a transporter.
 19617 | Gauntlet | Found a transporter.
 19655 | Gauntlet | Found a transporter.
 19660 | Gauntlet | Found a transporter.
 19661 | Gauntlet | Found a large runed translucent door.
 19661 | Gauntlet | Found a large runed translucent door.
 19663 | Gauntlet | Found a runed translucent gate.
 19663 | Gauntlet | Found a runed translucent gate.
 19663 | Gauntlet | Found a runed translucent gate.
 19665 | Gauntlet | Found a transporter.
 19682 | Gauntlet | Found a large runed translucent door.
 19683 | Gauntlet | Found a large runed translucent door.
 19713 | Gauntlet | Found a transporter.
 19733 | Gauntlet | Found a transporter.
 19749 | Gauntlet | Found a transporter.
 19773 | Gauntlet | Found a transporter.
 19879 | Gauntlet | Got a crude gossamer ring
 19881 | Gauntlet | Identified the ring "Jezujis" {rPois rF+ MR+ Int+3 Dex-2}
                  | (You found it in a Gauntlet)
 19939 | Gauntlet | Found a transporter.
 19997 | Gauntlet | Found a transporter.
 20004 | Gauntlet | Gained mutation: You are clumsy. (Dex -2) [a neqoxec]
 20015 | Gauntlet | Identified the Tome of the Jackalope
 20211 | Gauntlet | Got a brightly glowing cloak
 20217 | Gauntlet | Identified the +1 cloak of Impressiveness {+Inv Regen+
                  | Slay+2} (You found it in a Gauntlet)
 20400 | Lair:5   | Killed an entropy weaver
 20565 | Lair:5   | Reached skill level 13 in Dodging
 20594 | Lair:5   | Killed an entropy weaver
 20958 | Lair:6   | Entered Level 6 of the Lair of Beasts
 20979 | Lair:6   | Reached XP level 15. HP: 107/117 MP: 29/29
 21193 | Lair:6   | Reached skill level 10 in Armour
 21495 | Lair:6   | Reached skill level 10 in Charms
 21558 | Lair:6   | Learned a level 4 spell: Cause Fear
 21561 | Lair:6   | Learned a level 2 spell: Ensorcelled Hibernation
 21567 | Lair:6   | Learned a level 5 spell: Silence
 21695 | Lair:6   | Reached skill level 10 in Air Magic
 21708 | Lair:6   | Reached skill level 10 in Short Blades
 21708 | Lair:6   | Reached skill level 10 in Axes
 21708 | Lair:6   | Reached skill level 10 in Maces & Flails
 21708 | Lair:6   | Reached skill level 10 in Polearms
 21708 | Lair:6   | Reached skill level 10 in Staves
 21708 | Lair:6   | Reached skill level 10 in Slings
 21708 | Lair:6   | Reached skill level 10 in Bows
 21708 | Lair:6   | Reached skill level 10 in Crossbows
 21708 | Lair:6   | Reached skill level 10 in Throwing
 21708 | Lair:6   | Reached skill level 10 in Stealth
 21708 | Lair:6   | Reached skill level 10 in Shields
 21708 | Lair:6   | Reached skill level 10 in Unarmed Combat
 21708 | Lair:6   | Reached skill level 10 in Evocations
 22751 | Orc:1    | Entered Level 1 of the Orcish Mines
 22751 | Orc:1    | Noticed an orc warlord
 22790 | Orc:1    | Killed an orc warlord
 22918 | Orc:1    | Found a roughly hewn altar of Beogh.
 22944 | Orc:1    | Learned a level 3 spell: Tukima's Dance
 23089 | Orc:2    | Entered Level 2 of the Orcish Mines
 23265 | Orc:1    | Found a dark tunnel.
 23274 | Volcano  | Entered a volcano
 23389 | Volcano  | Found a burning altar of Makhleb.
 23403 | Volcano  | Reached skill level 14 in Dodging
 23405 | Volcano  | HP: 4/118 [hell knight/+0 halberd of flaming (7)]
 23644 | Orc:2    | Noticed Urug
 23659 | Orc:2    | Killed Urug
 23771 | Orc:2    | Reached XP level 16. HP: 125/125 MP: 31/31
 23963 | Orc:2    | Found a staircase to the Elven Halls.
 24145 | Orc:2    | Found Teseh's General Store.
 24171 | Orc:2    | Found a roughly hewn altar of Beogh.
 24297 | Orc:2    | Found Totadech's Book Emporium.
 24590 | Orc:2    | Found a roughly hewn altar of Beogh.
 24709 | Orc:2    | Found Suvoebl Ogeo's Antique Weapon Emporium.
 24866 | Orc:2    | Found Jafu Kaqi's Assorted Antiques.
 24881 | Orc:2    | Bought a scroll labeled LEFIRA SIPSIH for 27 gold pieces
 24881 | Orc:2    | Bought a scroll of identify for 54 gold pieces
 24881 | Orc:2    | Bought a potion of might for 108 gold pieces
 24881 | Orc:2    | Bought a potion of berserk rage for 135 gold pieces
 26428 | D:14     | Found a glowing silver altar of Zin.
 27071 | D:15     | Entered Level 15 of the Dungeon
 27321 | D:15     | Found a staircase to the Depths.
 27891 | Snake:1  | Entered Level 1 of the Snake Pit
 27891 | Snake:1  | Noticed a nagaraja
 28015 | Snake:1  | Reached skill level 15 in Dodging
 28032 | Snake:1  | Reached XP level 17. HP: 133/133 MP: 33/33
 28531 | Snake:1  | Learned a level 3 spell: Stone Arrow
 29070 | Snake:1  | Identified the +4 war axe "Bukheeph" {speed, Str+2}
 29557 | Snake:2  | Noticed Vashnia
 29588 | Snake:2  | Killed Vashnia
 29588 | Snake:2  | HP: 6/133 [naga sharpshooter/bolt (21)]
 30003 | Snake:2  | Found Xif Tupa's Food Shop.
 30257 | Snake:2  | Got a bloodstained ring mail
 30268 | Snake:2  | Identified the +1 ring mail of Fortification {-Tele MR+++
                  | rCorr Dex-3} (You found it on level 2 of the Snake Pit)
 30333 | Snake:3  | Found a sparkling altar of Nemelex Xobeh.
 30940 | Snake:4  | Entered Level 4 of the Snake Pit
 31104 | Snake:4  | Reached skill level 10 in Conjurations
 31104 | Snake:4  | Reached skill level 10 in Hexes
 31104 | Snake:4  | Reached skill level 10 in Summonings
 31104 | Snake:4  | Reached skill level 10 in Necromancy
 31104 | Snake:4  | Reached skill level 10 in Translocations
 31104 | Snake:4  | Reached skill level 10 in Transmutations
 31104 | Snake:4  | Reached skill level 10 in Fire Magic
 31104 | Snake:4  | Reached skill level 10 in Ice Magic
 31104 | Snake:4  | Reached skill level 10 in Earth Magic
 31104 | Snake:4  | Reached skill level 10 in Poison Magic
 31245 | Snake:4  | Reached XP level 18. HP: 133/141 MP: 32/34
 31385 | Snake:3  | Reached skill level 16 in Dodging
 31385 | Snake:3  | Reached XP level 19. HP: 147/147 MP: 35/35
 31386 | Snake:3  | Reached XP level 20. HP: 155/155 MP: 36/36
 31387 | Snake:3  | Reached XP level 21. HP: 161/161 MP: 37/37
 32465 | Snake:4  | Got a serpentine rune of Zot
 32913 | D:9      | Killed Dani's ghost
 32934 | D:9      | Identified the +4 plate armour of the Ancient Suns {rElec
                  | rF- Regen+ Stlth+} (You found it on level 9 of the Dungeon)
 33040 | D:13     | Identified a scroll of acquirement
 33044 | D:13     | Got a translucent emerald amulet
 33045 | D:13     | Identified the amulet of Onkyfaohep {*Drain +Rage Int+4
                  | SInv} (You acquired it on level 13 of the Dungeon)
 33089 | Vaults:1 | Entered Level 1 of the Vaults
 33274 | Vaults:1 | Identified the Tome of Noxious Moulding
 34042 | Vaults:1 | Reached skill level 17 in Dodging
 34353 | Vaults:2 | Found a staircase to the Crypt.
 35774 | Vaults:3 | Reached XP level 22. HP: 127/170 MP: 39/39
 35860 | Vaults:3 | Noticed Xtahua
 36337 | Vaults:3 | Noticed Margery
 36369 | Vaults:3 | Noticed Mennas
 36394 | Vaults:3 | Killed Margery
 36459 | Vaults:3 | Killed Mennas
 36802 | Vaults:3 | Reached skill level 18 in Dodging
 36836 | Vaults:3 | Noticed a juggernaut
 36842 | Vaults:3 | Noticed a shard shrike
 36842 | Vaults:3 | a juggernaut changed into a shard shrike
 36843 | Vaults:3 | Noticed a juggernaut
 36843 | Vaults:3 | a shard shrike changed into a juggernaut
 36846 | Vaults:3 | a juggernaut changed into an iron dragon
 37612 | Vaults:3 | Killed Xtahua
 37630 | Vaults:3 | Reached XP level 23. HP: 94/178 MP: 41/41
 38336 | Vaults:4 | Noticed Frederick
 38346 | Vaults:4 | Killed Frederick
 38346 | Vaults:4 | Reached skill level 15 in Air Magic
 38919 | Vaults:4 | Reached skill level 15 in Invocations
 39527 | Elf:1    | Entered Level 1 of the Elven Halls
 40060 | Elf:1    | Paralysed by a floating eye for 2 turns
 40165 | Elf:1    | Lost mutation: Potions are less effective at restoring your
                  | health. [potion of mutation]
 40165 | Elf:1    | Lost mutation: You are clumsy. (Dex -2) [potion of
                  | mutation]
 40165 | Elf:1    | Gained mutation: Your mind is acute. (Int +2) [potion of
                  | mutation]
 40165 | Elf:1    | Gained mutation: Your spells are a little easier to cast,
                  | but a little less powerful. [potion of mutation]
 40165 | Elf:1    | Gained mutation: Scrolls take you a little longer to read.
                  | [potion of mutation]
 40165 | Elf:1    | Lost mutation: Your spells are a little easier to cast, but
                  | a little less powerful. [potion of mutation]
 40166 | Elf:1    | Lost mutation: Your muscles are strong. (Str +2) [potion of
                  | mutation]
 40166 | Elf:1    | Lost mutation: Scrolls take you a little longer to read.
                  | [potion of mutation]
 40166 | Elf:1    | Lost mutation: Your mind is acute. (Int +2) [potion of
                  | mutation]
 40166 | Elf:1    | Gained mutation: Your natural rate of healing is unusually
                  | fast. [potion of mutation]
 40166 | Elf:1    | Gained mutation: You are somewhat resistant to further
                  | mutation. [potion of mutation]
 40166 | Elf:1    | Gained mutation: Your mind is acute. (Int +2) [potion of
                  | mutation]
 40319 | Elf:1    | Reached skill level 19 in Dodging
 40377 | Elf:1    | Found a runed translucent gate.
 40377 | Elf:1    | Found a runed translucent gate.
 40377 | Elf:1    | Found a runed translucent gate.
 40377 | Elf:1    | Found a runed translucent gate.
 40377 | Elf:1    | Found a runed translucent gate.
 40379 | Elf:1    | Found a runed translucent gate.
 40739 | Elf:2    | Found Mainer's Armour Boutique.
 41219 | Elf:2    | Reached XP level 24. HP: 187/187 MP: 41/41
 41336 | Elf:2    | Reached skill level 15 in Spellcasting
 41442 | Elf:2    | Found a huge runed translucent gate.
 41442 | Elf:2    | Found a huge runed translucent gate.
 41442 | Elf:2    | Found a huge runed translucent gate.
 41446 | Elf:2    | Found a huge runed translucent gate.
 41447 | Elf:2    | Found a huge runed translucent gate.
 41816 | Elf:2    | Reached skill level 15 in Fighting
 41816 | Elf:2    | Reached skill level 15 in Long Blades
 41963 | Elf:3    | Entered Level 3 of the Elven Halls
 42278 | Elf:3    | Identified the ring "Roubbicw" {rPois rC+ SInv} (You found
                  | it on level 3 of the Elven Halls)
 42337 | Elf:3    | Identified the +3 broad axe "Gefiapuix" {freeze, +Rage MR++
                  | Dex-5 Stlth+}
 42484 | Elf:3    | Identified the +5 falchion of Jamux {venom, *Corrode +Rage
                  | rPois rF+}
 42487 | Elf:3    | Identified the cursed +2 halberd "Usuoplai" {antimagic,
                  | +Inv}
 42517 | Elf:3    | Identified Sif Muna's Reference Book on Creative
                  | Transmutation
 42568 | Elf:3    | Identified the +2 scale mail "Xutywon" {rF- rN+ Int+2
                  | Slay+2} (You found it on level 3 of the Elven Halls)
 43121 | Shoals:1 | Entered Level 1 of the Shoals
 43121 | Shoals:1 | Noticed Kirke
 43132 | Shoals:1 | Killed Kirke
 43210 | Shoals:1 | Noticed Josephine
 43216 | Shoals:1 | Killed Josephine
 43430 | Shoals:1 | Noticed Roxanne
 43518 | Shoals:1 | Killed Roxanne
 43521 | Shoals:1 | Reached skill level 15 in Armour
 43623 | Shoals:1 | Found a hide-covered altar of Uskayaw.
 43855 | Shoals:1 | You fall through a shaft!
 44184 | Shoals:2 | Reached skill level 20 in Dodging
 44553 | Shoals:3 | Reached skill level 15 in Short Blades
 44553 | Shoals:3 | Reached skill level 15 in Axes
 44553 | Shoals:3 | Reached skill level 15 in Maces & Flails
 44553 | Shoals:3 | Reached skill level 15 in Polearms
 44553 | Shoals:3 | Reached skill level 15 in Staves
 44553 | Shoals:3 | Reached skill level 15 in Slings
 44553 | Shoals:3 | Reached skill level 15 in Bows
 44553 | Shoals:3 | Reached skill level 15 in Crossbows
 44553 | Shoals:3 | Reached skill level 15 in Throwing
 44553 | Shoals:3 | Reached skill level 15 in Stealth
 44553 | Shoals:3 | Reached skill level 15 in Shields
 44553 | Shoals:3 | Reached skill level 15 in Unarmed Combat
 44553 | Shoals:3 | Reached skill level 15 in Evocations
 44553 | Shoals:3 | Reached XP level 25. HP: 195/195 MP: 42/42
 44603 | Shoals:3 | Reached XP level 26. HP: 196/202 MP: 42/42
 45272 | Shoals:4 | Entered Level 4 of the Shoals
 46129 | Shoals:4 | Identified the amulet of Sunlight {Inacc rPois} (You found
                  | it on level 4 of the Shoals)
 46213 | Shoals:4 | Got a barnacled rune of Zot
 46599 | Depths:1 | Entered Level 1 of the Depths
 46617 | Depths:1 | Noticed Asterion
 46618 | Depths:1 | Found Ritta's Food Shoppe.
 46647 | Depths:1 | Killed Asterion
 46702 | Depths:1 | Identified the amulet "Buryr" {Faith +Inv rF+ MR+} (You
                  | acquired it on level 1 of the Depths)
 46878 | Depths:1 | Found a hazy altar of Hepliaklqana.
 46920 | Depths:1 | Found a gateway to Hell.
 47026 | Depths:1 | Found a one-way gate to the infinite horrors of the Abyss.
 47773 | Depths:2 | Found the +7 longbow "Piercer" {penet, EV-2}
 48124 | Depths:2 | Identified the amulet "Wurol" {Spirit rPois MR+} (You
                  | acquired it on level 2 of the Depths)
 48248 | Depths:2 | Found a gateway to a ziggurat.
 48595 | Depths:3 | Reached skill level 21 in Dodging
 48598 | Depths:3 | Reached XP level 27. HP: 210/210 MP: 44/44
 48815 | Depths:3 | Identified the +4 ring mail "Byiwehot" {*Drain +Inv rF+
                  | Int+3} (You acquired it on level 3 of the Depths)
 49194 | Depths:3 | Found a one-way gate leading to the halls of Pandemonium.
 50042 | Depths:4 | Found Dif Vur's Distillery.
 50042 | Depths:4 | Found Jocs's Assorted Antiques.
 50050 | Depths:4 | Bought a potion of mutation for 176 gold pieces
 50050 | Depths:4 | Bought a potion of cancellation for 176 gold pieces
 50050 | Depths:4 | Bought a potion of heal wounds for 110 gold pieces
 50050 | Depths:4 | Bought a potion of curing for 66 gold pieces
 50050 | Depths:4 | Bought 2 potions of curing for 132 gold pieces
 50050 | Depths:4 | Bought a potion of curing for 66 gold pieces
 50062 | Depths:4 | Bought a potion of heal wounds for 165 gold pieces
 50207 | Depths:4 | Identified the ring "Vuohop" {rN+ Str+4} (You found it on
                  | level 4 of the Depths)
 51029 | Depths:5 | Entered Level 5 of the Depths
 51206 | Depths:5 | Noticed Jory
 51219 | Depths:5 | Killed Jory
 52043 | Depths:5 | Reached skill level 15 in Charms
 52128 | Depths:5 | Found a gate to the Realm of Zot.
 52244 | Depths:5 | Reached skill level 22 in Dodging
 52299 | Depths:5 | Identified the cursed +0 scale mail of Noahastri {Int+4
                  | Dex+4} (You found it on level 5 of the Depths)
 53228 | Vaults:5 | Entered Level 5 of the Vaults
 53534 | Vaults:5 | Identified the +11 shortbow of the Shark {flame, Fragile
                  | rC- MR+++ Str+4}
 53860 | Vaults:5 | Noticed an ancient lich
 53873 | Vaults:5 | Killed an ancient lich
 54011 | Vaults:5 | Identified the ring of Activism {Ice MR- Str+4 Slay+2}
 54097 | Vaults:5 | Identified the +4 war axe "Muecsesa" {drain, MP+9 Int+2
                  | Stlth+}
 54254 | Vaults:5 | Identified the Incunabulum of the Entourage
 54260 | Vaults:5 | Got a silver rune of Zot
 54488 | Vaults:5 | Noticed an ancient lich
 54498 | Vaults:5 | Killed an ancient lich
 54769 | Vaults:5 | Identified Sif Muna's Collected Works on Feathers and
                  | Stolen Souls
 54776 | Vaults:5 | Identified the ring of Uqeat {Int+3 Dex+3}
 55348 | Slime:1  | Entered Level 1 of the Pits of Slime
 55519 | Slime:1  | Gained mutation: You are frail. (-10% HP) [a shining eye]
 55877 | Slime:3  | Gained mutation: You are clumsy. (Dex -2) [a shining eye]
 55974 | Slime:4  | Lost mutation: Your natural rate of healing is unusually
                  | fast. [a shining eye]
 56004 | Slime:5  | Entered Level 5 of the Pits of Slime
 56039 | Slime:5  | Reached skill level 23 in Dodging
 56343 | Slime:5  | Noticed the Royal Jelly
 56387 | Slime:4  | Reached skill level 15 in Conjurations
 56387 | Slime:4  | Reached skill level 15 in Hexes
 56387 | Slime:4  | Reached skill level 15 in Summonings
 56387 | Slime:4  | Reached skill level 15 in Necromancy
 56387 | Slime:4  | Reached skill level 15 in Translocations
 56387 | Slime:4  | Reached skill level 15 in Transmutations
 56387 | Slime:4  | Reached skill level 15 in Fire Magic
 56387 | Slime:4  | Reached skill level 15 in Ice Magic
 56387 | Slime:4  | Reached skill level 15 in Earth Magic
 56387 | Slime:4  | Reached skill level 15 in Poison Magic
 56558 | Slime:5  | HP: 6/292 [acid blob[the Royal Jelly] (15)]
 56558 | Slime:5  | HP: 2/292 [acid[the Royal Jelly] (4)]
 56559 | Slime:5  | Splashed by an acid blob's acid

Skill      XL: |  1  2  3  4  5  6  7  8  9 10 11 12 13 14 15 16 17 18 19 20 21 22 23 24 25 26 27 |
---------------+----------------------------------------------------------------------------------+-----
Spellcasting   | 5 6 7 8 9 10 11 12 13 14 15 17 20 | 20.0
Invocations    | 1 2 3 4 5 6 7 8 9 10 11 12 13 14 15 16 18 | 18.7
Short Blades   | 1 2 3 4 5 6 7 8 9 10 11 12 13 14 15 17 | 17.4
Axes           | 1 2 3 4 5 6 7 8 9 10 11 12 13 14 15 17 | 17.4
Maces & Flails | 1 2 3 4 5 6 7 8 9 10 11 12 13 14 15 17 | 17.4
Polearms       | 1 2 3 4 5 6 7 8 9 10 11 12 13 14 15 17 | 17.4
Staves         | 1 2 3 4 5 6 7 8 9 10 11 12 13 14 15 17 | 17.4
Slings         | 1 2 3 4 5 6 7 8 9 10 11 12 13 14 15 17 | 17.6
Bows           | 1 2 3 4 5 6 7 8 9 10 11 12 13 14 15 17 | 17.4
Crossbows      | 1 2 3 4 5 6 7 8 9 10 11 12 13 14 15 17 | 17.4
Throwing       | 1 2 3 4 5 6 7 8 9 10 11 12 13 14 15 17 | 17.4
Stealth        | 1 2 3 4 5 6 7 8 9 10 11 12 13 14 15 17 | 17.4
Shields        | 1 2 3 4 5 6 7 8 9 10 11 12 13 14 15 17 | 17.4
Unarmed Combat | 1 2 3 4 5 6 7 8 9 10 11 12 13 14 15 17 | 17.4
Evocations     | 1 2 3 4 5 6 7 8 9 10 11 12 13 14 15 17 | 17.4
Conjurations   | 1 2 3 4 5 6 7 8 9 10 11 12 13 15 | 15.0
Hexes          | 1 2 3 4 5 6 7 8 9 10 11 12 13 15 | 15.0
Summonings     | 1 2 3 4 5 6 7 8 9 10 11 12 13 15 | 15.0
Necromancy     | 1 2 3 4 5 6 7 8 9 10 11 12 13 15 | 15.0
Translocations | 1 2 3 4 5 6 7 8 9 10 11 12 13 15 | 15.0
Transmutations | 1 2 3 4 5 6 7 8 9 10 11 12 13 15 | 15.0
Fire Magic     | 1 2 3 4 5 6 7 8 9 10 11 12 13 15 | 15.0
Ice Magic      | 1 2 3 4 5 6 7 8 9 10 11 12 13 15 | 15.0
Air Magic      | 1 2 3 4 5 6 8 9 10 11 12 13 14 15 16 17 19 | 19.4
Earth Magic    | 1 2 3 4 5 6 7 8 9 10 11 12 13 15 | 15.0
Poison Magic   | 1 2 3 4 5 6 7 8 9 10 11 12 13 15 | 15.0
Armour         | 3 4 5 6 7 8 9 10 11 12 13 14 15 17 | 17.5
Fighting       | 5 6 7 8 9 10 11 12 13 14 15 16 17 | 17.8
Long Blades    | 5 6 7 8 9 10 11 12 13 14 15 16 17 | 17.8
Dodging        | 5 7 8 9 11 12 13 14 15 16 17 18 19 20 21 23 | 23.1
Charms         | 6 7 8 9 10 11 12 13 14 15 | 15.7

Action                   |  1- 3 |  4- 6 |  7- 9 | 10-12 | 13-15 | 16-18 | 19-21 | 22-24 | 25-27 || total
-------------------------+-------+-------+-------+-------+-------+-------+-------+-------+-------++-------
Melee: Falchion          |    52 |       |       |       |       |       |       |       |       ||    52
       Bite              |     6 |    16 |    28 |    65 |   124 |   120 |    71 |   222 |   383 ||  1035
       Dagger            |    39 |    49 |   148 |       |       |       |       |       |       ||   236
       Quarterstaff      |       |   135 |    49 |       |       |       |       |       |       ||   184
       Punch             |       |       |     1 |       |       |       |       |       |       ||     1
       Spear             |       |       |    42 |   531 |   672 |  1165 |   676 |   287 |       ||  3373
       Rapier            |       |       |       |    13 |   417 |       |       |       |       ||   430
       Eudemon blade     |       |       |       |       |       |       |       |  1437 |  2161 ||  3598
 Fire: Hunting sling     |       |       |       |    19 |       |       |       |       |       ||    19
Throw: Throwing net      |       |     1 |     2 |     4 |     1 |     1 |     3 |     2 |     2 ||    16
       Javelin           |       |       |    10 |    16 |    59 |       |    39 |    46 |    87 ||   257
 Cast: Shroud of Golubri |     2 |     2 |     3 |     4 |    16 |    20 |    11 |     8 |     2 ||    68
       Song of Slaying   |     1 |       |       |     2 |     9 |    20 |    11 |    12 |    38 ||    93
       Spectral Weapon   |       |       |     1 |       |     2 |     3 |     1 |     1 |       ||     8
       Regeneration      |       |       |     1 |       |       |       |       |       |       ||     1
       Infusion          |       |       |     2 |     1 |     1 |       |       |       |       ||     4
       Ensorcelled Hiber |       |       |       |       |     3 |     1 |       |       |       ||     4
       Tukima's Dance    |       |       |       |       |     3 |     1 |       |     5 |     7 ||    16
       Cause Fear        |       |       |       |       |     2 |     4 |       |       |       ||     6
       Silence           |       |       |       |       |     1 |     7 |     2 |    24 |     9 ||    43
       Stone Arrow       |       |       |       |       |       |     3 |    25 |       |     5 ||    33
Invok: Divine Shield     |       |       |       |       |       |       |       |       |     1 ||     1
 Abil: Evoke Berserk Rag |       |       |       |       |       |       |       |     1 |    14 ||    15
Evoke: Wand              |       |     3 |    26 |    56 |    36 |    36 |    15 |    25 |     2 ||   199
       Box of beasts     |       |       |       |     1 |     1 |       |       |     2 |       ||     4
       Fan of gales      |       |       |       |       |     2 |       |       |     1 |       ||     3
       Phantom mirror    |       |       |       |       |     2 |       |       |       |       ||     2
       Sack of spiders   |       |       |       |       |       |       |     1 |     6 |     2 ||     9
       Lamp of fire      |       |       |       |       |       |       |       |     1 |     1 ||     2
       Lightning rod     |       |       |       |       |       |       |       |       |     2 ||     2
  Use: Scroll            |       |     5 |     8 |     5 |    16 |     5 |     6 |    12 |    19 ||    76
       Potion            |       |       |     3 |     1 |     6 |     2 |     3 |    12 |     2 ||    29
 Stab: Sleeping          |     2 |     3 |       |       |       |       |       |       |       ||     5
       Confused          |       |     1 |     1 |       |       |       |       |       |       ||     2
       Held in net/web   |       |     2 |       |       |       |       |       |       |       ||     2
  Eat: Chunk             |       |     7 |    11 |    16 |    24 |     8 |     6 |    25 |    28 ||   125
       Ration            |       |       |     1 |     2 |     2 |     5 |     2 |     2 |     8 ||    22
Armor: Leather armour    |     7 |    42 |    34 |       |       |       |       |       |       ||    83
       Ring mail         |       |       |     3 |    21 |       |       |       |       |       ||    24
       Skin              |       |       |     1 |       |       |       |       |       |       ||     1
       Scale mail        |       |       |       |    64 |   198 |   130 |    57 |   250 |   374 ||  1073
Dodge: Dodged            |    54 |   130 |   136 |   243 |   553 |   443 |   151 |   599 |  1015 ||  3324
       Deflected         |       |       |     3 |    16 |     6 |       |       |       |       ||    25
Block: Buckler           |       |       |     5 |   108 |   267 |    74 |       |       |       ||   454
       Shield            |       |       |       |       |       |   220 |       |       |       ||   220
       Large shield      |       |       |       |       |       |    97 |   346 |  1290 |  1939 ||  3672
       Rpst.: Falchion   |     5 |       |       |       |       |       |       |       |       ||     5
       Eudemon blade     |       |       |       |       |       |       |       |   108 |   195 ||   303
